AoeStats
← undercat

Arabia

510308367Analyzed
1v1 RM · 2d ago on Sep 30, 2026· 73m 18s· 2 players
Game mode
Random Map
Map size
Tiny (2 player)
Population
200
Speed
Normal
Resources
Standard
Victory
Conquest
Starting age
Dark Age
Ending age
Imperial Age
RankedLock teamsTeams togetherTeam positionsShared explorationLock speedFull tech treeHidden civsTurbo modeCheats
Victory
Defeat
🇹🇼 Burgundians · Taiwan
947
+15
🇧🇷 Teutons · Brazil
936
-15
aukm568
7:18 Loom
9:41 Feudal Age
13:44 Double-Bit Axe
16:22 Horse Collar
23:18 Castle Age
22:52 Bloodlines
23:36 Scale Barding Armor
23:42 Forging
25:10 Gold Mining
26:04 Heavy Plow
28:05 Pikeman
28:31 Arson
37:09 Imperial Age
35:36 Scale Mail Armor
36:12 Iron Casting
35:27 Fletching
35:57 Squires
37:04 Wheelbarrow
37:26 Halberdier
39:46 Chain Mail Armor
39:22 Fletching
41:21 Plate Mail Armor
42:26 Cavalier
46:17 Paladin
50:24 Bodkin Arrow
51:37 Bow Saw
58:07 Chain Barding Armor
68:45 Plate Barding Armor
69:10 Blast Furnace
69:18 Conscription
72:38 Hand Cart
undercat
7:04 Loom
9:29 Feudal Age
9:47 Man-at-Arms
9:54 Man-at-Arms
13:17 Double-Bit Axe
14:13 Bow Saw
19:40 Castle Age
18:12 Horse Collar
19:51 Wheelbarrow
20:24 Scale Barding Armor
20:30 Husbandry
24:59 Two-Man Saw
26:45 Chain Barding Armor
31:49 Gold Mining
33:02 Heavy Plow
36:48 Imperial Age
34:12 Cavalier
35:21 Forging
36:01 Crop Rotation
37:13 Iron Casting
39:56 Fletching
39:47 Paladin
42:10 Chemistry
41:55 Bodkin Arrow
44:06 Plate Barding Armor
43:33 Bracer
47:05 Light Cavalry
48:54 Elite Skirmisher
53:44 Padded Archer Armor
57:00 Hussar
62:14 Blast Furnace
64:13 Ballistics
73:53 Squires
Connection lost

Rejoining the realm…

Still unreachable

The connection could not be restored.

Session expired

The server has moved on; the page needs a fresh start.